 Dungeon Crawl Stone Soup version 0.29.1-2-gbd0b4ee654 (webtiles) character file.

Game seed: 17014373363158699560

81 warriortoast the Digger (level 4, -6/25 HPs)
             Began as a Gargoyle Earth Elementalist on Nov 28, 2022.
             Killed from afar by Terence (9 damage)
             ... with a bolt of light
             ... on level 2 of the Dungeon.
             The game lasted 00:04:15 (1632 turns).

warriortoast the Digger (GrEE)                      Turns: 1632, Time: 00:04:16

Health: -6/25      AC:  6    Str: 13    XL:     4   Next: 40%
Magic:  7/7        EV: 11    Int: 16    God:
Gold:   110        SH:  0    Dex: 10    Spells: 1/7 levels left

rFire   . . .      SeeInvis .   e - +0 short sword
rCold   . . .      Faith    .   (no shield)
rNeg    + . .      Spirit   .   a - +0 robe
rPois   ∞          Reflect  .   (no helmet)
rElec   +          Harm     .   (no cloak)
rCorr   .          Rampage  .   (no gloves)
Will    .....                   f - +0 pair of boots
Stlth   +.........              (no amulet)
HPRegen 0.08/turn               (no ring)
MPRegen 0.10/turn               (no ring)

@: confused
A: sickness immunity, AC +3, negative energy resistance 1, electricity
resistance, torment resistance 1, petrification resistance
a: no special abilities


You were on level 2 of the Dungeon.
You visited 1 branch of the dungeon, and saw 2 of its levels.

You collected 110 gold pieces.

Inventory:

Hand Weapons
 e - a +0 short sword (weapon)
Armour
 a - a +0 robe (worn)
 f - a +0 pair of boots (worn)
Scrolls
 d - a scroll of magic mapping {unknown}
 h - 3 scrolls of identify {unknown}
 i - a scroll of teleportation {unknown}
 k - a scroll of enchant weapon {unknown}
Potions
 b - a potion of magic
 c - 2 potions of curing {unknown}
 g - a potion of haste {unknown}
 j - a potion of ambrosia {unknown}
 l - a potion of attraction {unknown}
 m - a potion of flight {unknown}


   Skills:
 + Level 1.4 Fighting
 - Level 1.5 Dodging
 + Level 2.9 Stealth
 + Level 2.4 Spellcasting
 + Level 1.2 Conjurations
 + Level 1.6 Transmutations
 + Level 4.1 Earth Magic


You had one spell level left.
You knew the following spells:

 Your Spells              Type           Power      Damage    Failure   Level
a - Sandblast             Erth           30%        2d9       3%          1
b - Passwall              Tmut/Erth      9%         N/A       10%         2
c - Stone Arrow           Conj/Erth      20%        3d8       21%         3

Your spell library contained the following spells:

 Spells                   Type           Power      Damage    Failure   Level
 Call Canine Familiar     Summ           1%         N/A       52%         3
 Portal Projectile        Hex/Tloc       2%         N/A       52%         3
 Petrify                  Tmut/Erth      11%        N/A       52%         4
 Leda's Liquefaction      Hex/Erth       4%         N/A       63%         4


Dungeon Overview and Level Annotations

Branches:
Dungeon (2/15)

Altars:

Annotations:
D:2 Terence


Innate Abilities, Weirdness & Mutations

You are immune to sickness and miasma.
Your stone body is resilient. (AC +3)
You are immune to poison.
You resist negative energy. (rN+)
You are resistant to electric shocks. (rElec)
You are resistant to unholy torment.
You are immune to petrification.


Message History

You start resting.
Your magical contamination has completely faded away.
You start resting.
HP restored.
You start resting.
Magic restored.
You start waiting.
A quokka comes into view.
A quokka is nearby!
Items here: ) ††††.
No target in view!
No target in view!
You see here a hobgoblin skeleton.
You can't see any susceptible monsters within range! (Use Z to cast anyway.) No target in view!
A quokka is nearby!
The blast of sand hits the quokka.
The quokka is almost dead.
The blast of sand misses the quokka.
The quokka bites you but does no damage.
The quokka misses you.
The blast of sand hits the quokka!
You kill the quokka!
Magic restored.
h - 3 scrolls labelled YRRAET SACU (gained 1)
Found a stone staircase leading down.
You now have 110 gold pieces (gained 7).
Terence the Incautious comes into view.
He is wielding a +0 hand axe and carrying a wand of light (9).
Terence is nearby!
A rat comes into view.
The blast of sand hits Terence.
Terence is lightly wounded.
Terence shouts!
An endoplasm comes into view.
Terence zaps a wand.
The bolt of light hits you!!
Ouch! That really hurt!
* * * LOW HITPOINT WARNING * * *
Terence zaps a wand.
The bolt of light hits you!
You are confused.
You die...

#............##########
###.#.#.#.#.#....#.....
#............#....#######
##.#.#.#.#.#.....##.....##
#....>......#....#.......#
##.#.#.#.#.###.......>....
...........##....8.....8.
#.#.#.#.#.##.............
........@..#.......8.8..#
#.#.#.#.#.##.....!.......
#######...##....#........
##..@.r...###......
########## #..... .....
##... ##.


You could see Terence.

Vanquished Creatures
  3 adders (D:2)
  A worm (D:2)
  10 ball pythons
  7 endoplasms
  2 giant cockroaches (D:1)
  5 goblins
  7 hobgoblins
  4 quokkas
  3 bats
  A frilled lizard (D:2)
  A kobold (D:1)
  3 rats
47 creatures vanquished.

Notes
Turn   | Place    | Note
-------+----------+-------------------------------------------
     0 | D:1      | warriortoast the Gargoyle Earth Elementalist began the
                  | quest for the Orb.
     0 | D:1      | Reached XP level 1. HP: 10/10 MP: 3/3
   183 | D:1      | Reached XP level 2. HP: 16/16 MP: 3/5
   225 | D:1      | Reached skill level 1 in Transmutations
   585 | D:1      | Reached skill level 1 in Fighting
   670 | D:1      | Reached XP level 3. HP: 20/20 MP: 4/6
  1254 | D:2      | Reached skill level 1 in Conjurations
  1254 | D:2      | Reached skill level 4 in Earth Magic
  1256 | D:2      | Reached XP level 4. HP: 25/25 MP: 2/7
  1412 | D:2      | Learned a level 2 spell: Passwall
  1416 | D:2      | Learned a level 3 spell: Stone Arrow
  1618 | D:2      | Noticed Terence
  1632 | D:2      | Killed from afar by Terence

Illustrated notes

Levels and vault maps discovered:
D:1:      matt_arrival_grand_opening, layout_loops_ring, minmay_hedge_maze,
          st_stairs_12, chequers_serial_rivers_large_a, minmay_domino_2
D:2:      layout_basic, st_stairs_11, solitary_fountain, grunt_ministairs_9,
          uniq_crazy_yiuf_cottage, uniq_terence

Skill      XL: |  1  2  3 |
---------------+----------+-----
Transmutations | 1 |  1.6
Fighting       | 1 |  1.4
Conjurations   | 1 |  1.2
Earth Magic    | 4 |  4.1
Dodging        | |  1.5
Stealth        | |  2.9
Spellcasting   | |  2.4

Action                   |  1- 3 |  4- 6 || total
-------------------------+-------+-------++-------
Melee: Short sword       |     1 |       ||     1
 Cast: Sandblast         |    43 |    19 ||    62
Armor: Robe              |     7 |    10 ||    17
Dodge: Dodged            |    10 |    16 ||    26
